 Dungeon Crawl Stone Soup version 0.27-a0-1202-ge72e49191c (webtiles) character file.

Game seed: 1678819265044488070

602 Delamore the Poker (level 7, -8/56 HPs)
             Began as a Formicid Fighter on June 2, 2021.
             Was an Initiate of Gozag.
             Mangled by a vampire (9 damage)
             ... on level 4 of the Dungeon.
             The game lasted 00:06:02 (4278 turns).

Delamore the Poker (Formicid Fighter)               Turns: 4278, Time: 00:06:03

Health: -8/56      AC:  8    Str: 22    XL:     7   Next: 69%
Magic:  7/7        EV:  8    Int:  8    God:    Gozag
Gold:   626        SH:  9    Dex: 13    Spells: 6/6 levels left

rFire    . . .     SeeInvis +   a - +1 trident
rCold    . . .     Faith    .   c - +0 kite shield
rNeg     . . .     Spirit   .   b - +0 scale mail
rPois    .         Reflect  .   (helmet unavailable)
rElec    .         Harm     .   e - scarf {repulsion}
rCorr    .         Rampage  .   k - +0 pair of gloves {Dex+3}
Will     .....                  (no boots)
Stlth    ..........             (no amulet)
HPRegen  0.18/turn              (no ring)
MPRegen  0.10/turn              (no ring)

@: mighty, repel missiles
A: permanent stasis, dig shafts and tunnels, antennae 3, four strong arms
a: Dig, Shaft Self, Renounce Religion, Potion Petition, Call Merchant, Bribe
Branch


You were on level 4 of the Dungeon.
You worshipped Gozag.
Gozag was pleased with you.
You visited 1 branch of the dungeon, and saw 5 of its levels.

You collected 626 gold pieces.

Inventory:

Hand Weapons
 a - a +1 trident (weapon)
Missiles
 h - 6 javelins (quivered)
 j - 26 poisoned darts
 w - 4 boomerangs
Armour
 b - a +0 scale mail (worn)
 c - a +0 kite shield (worn)
 e - a scarf of repulsion (worn)
 k - a +0 pair of gloves of dexterity (worn)
 v - the +3 leather armour of Fuuboju {rElec}
   (You took it off a goblin on level 4 of the Dungeon)

   It insulates you from electricity.
Jewellery
 q - a ring of ice
Wands
 i - a wand of iceblast (3)
Scrolls
 r - a scroll of identify
Potions
 f - a potion of degeneration
 g - 3 potions of mutation
 n - a potion of haste {unknown}
 o - a potion of attraction {unknown}
 p - a potion of berserk rage {unknown}
 s - a potion of cancellation {unknown}
 t - a potion of lignification {unknown}


   Skills:
 - Level 5.0 Fighting
 * Level 7.2 Polearms
 - Level 3.2 Armour
 - Level 3.6 Shields


You had 6 spell levels left.
You didn't know any spells.
Your spell library contained the following spells:

 Spells                   Type           Power      Damage    Failure   Level
 Animate Skeleton         Necr           0%         N/A       98%         1
 Apportation              Tloc           0%         N/A       98%         1
 Corona                   Hex            0%         N/A       98%         1
 Foxfire                  Conj/Fire      0%         2x1d4     98%         1
 Magic Dart               Conj           0%         1d3       98%         1
 Pain                     Necr           0%         1d4       98%         1
 Sting                    Tmut/Pois      0%         1d3       98%         1
 Summon Small Mammal      Summ           0%         N/A       98%         1
 Call Imp                 Summ           0%         N/A       99%         2
 Poisonous Vapours        Pois/Air       0%         N/A       99%         2
 Slow                     Hex            0%         N/A       99%         2
 Conjure Flame            Conj/Fire      0%         6-21      100%        3
 Ignite Poison            Fire/Tmut/Pois 0%         N/A       100%        3
 Inner Flame              Hex/Fire       0%         N/A       100%        3
 Mephitic Cloud           Conj/Pois/Air  0%         N/A       100%        3
 Vampiric Draining        Necr           0%         2d6       100%        3
 Animate Dead             Necr           0%         N/A       100%        4
 Olgreb's Toxic Radiance  Pois           0%         N/A       100%        4
 Sticky Flame             Conj/Fire      0%         2d3       100%        4
 Agony                    Necr           0%         N/A       100%        5
 Fireball                 Conj/Fire      0%         3d3       100%        5
 Blink                    Tloc           Unusable   N/A       N/A         2

Dungeon Overview and Level Annotations

Branches:
Dungeon (5/15)
 Temple: D:4-7

Altars:
Gozag

Shops:
D:1 [


Innate Abilities, Weirdness & Mutations

You cannot be hasted, slowed, berserked, paralysed or teleported.
You can dig through walls and to a lower floor.
You have a pair of large antennae on your head. (SInv)
Your four strong arms can wield two-handed weapons with a shield.


Message History

The vampire draws strength from your injuries!
Okay, then.
You feel better.
The vampire hits you but does no damage.
You block the vampire's attack.
You feel very mighty all of a sudden.
The vampire hits you but does no damage.
The vampire barely misses you.
You puncture the vampire!
The vampire is heavily damaged.
The vampire draws life force from you!
* * * LOW HITPOINT WARNING * * *
The vampire is healed by the life force!
You feel better. You block the vampire's attack. The vampire bites you.
* * * LOW HITPOINT WARNING * * *
The vampire draws strength from your injuries!
It was a potion of heal wounds.
You feel much better. The vampire hits you. The vampire bites you.
The vampire draws strength from your injuries!
You puncture the vampire!
The vampire is moderately damaged.
The vampire hits you. You block the vampire's attack.
You closely miss the vampire.
The vampire is moderately damaged.
You block the vampire's attack. The vampire barely misses you.
You closely miss the vampire.
The vampire is moderately damaged.
The vampire hits you! You block the vampire's attack.
You puncture the vampire!
The vampire is severely damaged.
The vampire hits you but does no damage.
The vampire closely misses you.
You barely miss the vampire.
The vampire is severely damaged.
The vampire draws life force from you!
* * * LOW HITPOINT WARNING * * *
The vampire is healed by the life force!
The vampire completely misses you. The vampire bites you!
You die...
Your body crumbles into a pile of gold.

#.#
##########.##.....'
#####.##
#..........##.....#
#......#
#..........####...#
#......#
#..........# #...#
#......#
#..........# #.<.#
#......#
#.########## #...#
#......#
#.##.......# #...#
#......#
#.##.......####...#
#......#
#.@'.......'.......
#......#
#V##.......####...#
#......#
#..........# #...#
#......#
#......##### #...#
#......# ##.###.#
#####
#####.######.#
#.#########...
#.....##.#
#........##.##
#####.##.#
#..#####.##.#.
#.##.#
#..#<..#.##.#.


You could see a vampire (invisible).

Vanquished Creatures
  Sigmund (D:2)
  A necrophage (D:5)
  A scorpion (D:4)
  A centaur zombie (D:5)
  A centaur skeleton (D:4)
  A hound (D:4)
  A bullfrog skeleton (D:5)
  Ijyb (D:3)
  4 adders
  An ufetubus (D:4)
  2 adder skeletons (D:4)
  2 worms (D:2)
  2 dart slugs
  6 orcs
  9 endoplasms
  4 giant cockroaches
  8 goblins
  8 hobgoblins
  8 jackals
  7 kobolds
  2 quokkas
  5 ball pythons
  3 bats
  7 frilled lizards
  3 rats (D:1)
89 creatures vanquished.

Vanquished Creatures (others)
  11 fungi (D:4)
11 creatures vanquished.

Grand Total: 100 creatures vanquished

Notes
Turn   | Place    | Note
-------+----------+-------------------------------------------
     0 | D:1      | Delamore the Formicid Fighter began the quest for the Orb.
     0 | D:1      | Reached XP level 1. HP: 18/18 MP: 1/1
   132 | D:1      | Reached XP level 2. HP: 21/24 MP: 2/2
   358 | D:1      | Found a faded altar of an unknown god.
   365 | D:1      | Became a worshipper of Gozag Ym Sagoz the Greedy
   527 | D:1      | Found Ygoigao's Antique Armour Emporium.
   617 | D:1      | Reached XP level 3. HP: 28/29 MP: 3/3
   757 | D:1      | Reached skill level 3 in Polearms
  1013 | D:2      | Noticed Sigmund
  1032 | D:2      | Killed Sigmund
  1033 | D:2      | Reached skill level 4 in Polearms
  1033 | D:2      | Reached XP level 4. HP: 31/38 MP: 4/4
  1033 | D:2      | Reached XP level 5. HP: 35/43 MP: 5/5
  1033 | D:2      | Reached XP level 6. HP: 40/49 MP: 6/6
  1281 | D:2      | Reached skill level 5 in Polearms
  2233 | D:3      | Noticed Ijyb
  2242 | D:3      | Killed Ijyb
  2243 | D:3      | Reached skill level 5 in Fighting
  3183 | D:4      | Reached skill level 6 in Polearms
  3183 | D:4      | Reached XP level 7. HP: 33/56 MP: 7/7
  3601 | D:4      | Identified the +3 leather armour of Fuuboju {rElec}
  3873 | D:5      | Entered Level 5 of the Dungeon
  4062 | D:5      | Reached skill level 7 in Polearms
  4179 | D:5      | Found the +4 robe of Augmentation {Str+4 Int+4 Dex+4}
  4180 | D:5      | Noticed a vampire
  4278 | D:4      | HP: 1/56 [vampire/vampiric draining (16)]
  4278 | D:4      | Mangled by a vampire

Illustrated notes

Levels and vault maps discovered:
D:1:      roderic_dead_forest, layout_basic, serial_shops, shop,
          shapermc_ecumenical_altar_venn
D:2:      layout_loops_ring, minmay_fractal_squares_gapless_5, uniq_sigmund
D:3:      layout_rooms, chequers_serial_rivers_large_a, uniq_ijyb
D:4:      layout_basic, serial_aquarium, aquarium_bridge_square
          [aquarium_subvault_wall, aquarium_subvault_balcony,
          aquarium_subvault_window, aquarium_subvault_bridge],
          aquarium_bridge_square [aquarium_subvault_window,
          aquarium_subvault_bridge, aquarium_subvault_wall,
          aquarium_subvault_window], aquarium_window_fake, aquarium_window_2,
          aquarium_window_corner, aquarium_view_2f
D:5:      layout_cave_pools

Skill      XL: |  1  2  3  4  5  6  7 |
---------------+----------------------+-----
Polearms       | 4 6 7 |  7.2
Fighting       | 4 5 |  5.0
Armour         | |  3.2
Shields        | |  3.6

Action                   |  1- 3 |  4- 6 |  7- 9 || total
-------------------------+-------+-------+-------++-------
Melee: Trident           |   105 |   185 |    47 ||   337
Throw: Dart              |    11 |     5 |       ||    16
       Javelin           |     2 |       |     2 ||     4
Evoke: Wand              |       |       |     3 ||     3
  Use: Scroll            |       |     5 |     2 ||     7
       Potion            |       |       |     4 ||     4
 Stab: Distracted        |       |     2 |     1 ||     3
Armor: Scale mail        |    40 |    59 |    19 ||   118
Dodge: Dodged            |    29 |    64 |    15 ||   108
Block: Kite shield       |    54 |    88 |    20 ||   162

Table legend: (Time is in decaauts)
 A = Elapsed time spent in this place.
 B = Non-inter-level travel time spent in this place.
 C = Inter-level travel time spent in this place.
 D = Time resting spent in this place.
 E = Time spent auto-exploring this place.
 F = Levels seen in this place.
 G = Mean time per level.
                   A        B        C        D        E       F      G
               +--------+--------+--------+--------+--------+-----+--------+
         Total |   4373 |   4249 |    124 |    637 |   2818 |   5 |  874.6 |
       Dungeon |   4373 |   4249 |    124 |    637 |   2818 |   5 |  874.6 |
               +--------+--------+--------+--------+--------+-----+--------+

Top non-repeatable levels by time:
     D:4: 1273 daAuts
     D:2: 1019 daAuts
     D:3: 1011 daAuts
     D:1: 870 daAuts
     D:5: 199 daAuts
